General information
- name: BNet
- type: Ladder team game (AT/RT)
- host: Battle.net
- saver: BRUCEWILLISUSA
map: FullScaleAssault
- players: 8
- length: 28:37
- speed: Fast
- version: 1.24 W3XP
- replay type: Public
» download(162 KB)
Players
team 1 (loser)

»
DrSteelHamma (
yellow | 43 APM | 1024 actions | 23:33)
5 Priestess of the Moon
2 Searing Arrows
3 Trueshot Aura
» actions
| Assign group hotkey | 22 | |
| Basic commands | 32 | |
| Build / train | 64 | |
| Enter build submenu | 18 | |
| Enter hero's abilities submenu | 6 | |
| Remove unit from queue | 2 | |
| Right click | 482 | |
| Select / deselect | 314 | |
| Select group hotkey | 27 | |
| Use ability | 57 | |
1024 total
» units
| Wisp | 18 | |
| Huntress | 7 | |
| Glaive Thrower | 6 | |
| Druid of the Claw | 6 | |
| Dryad | 5 | |
42 total
» upgrades
| Moon Armor | 1 | |
| Strength of the Moon | 1 | |
| Vorpal Blades | 1 | |
| Strength of the Wild | 3 | |
| Upgrade Moon Glaive | 1 | |
| Druid of the Claw Training | 2 | |
| Reinforced Hides | 1 | |
| Abolish Magic | 1 | |
11 total
» buildings
| Altar of Elders | 1 | |
| Moon Well | 5 | |
| Ancient of War | 2 | |
| Hunter's Hall | 1 | |
| Tree of Ages | 1 | |
| Tree of Life | 2 | |
| Tree of Eternity | 1 | |
| Ancient of Lore | 2 | |
| Ancient Protector | 2 | |
| Ancient of Wonders | 1 | |
18 total
» build order
00:08 Altar of Elders
00:21 Moon Well
01:14 Ancient of War
01:41 Hunter's Hall
02:08 Moon Well
02:33 Ancient of War
03:12 Moon Well
05:28 Tree of Ages
05:33 Moon Well
06:44 Tree of Life
09:09 Tree of Eternity
10:21 Ancient of Lore
10:24 Ancient of Lore
11:17 Ancient Protector
11:22 Ancient Protector
13:43 Ancient of Wonders
18:56 Tree of Life
19:52 Moon Well
» items
GuidansBlade (
pink | 30 APM | 712 actions | 23:54)
4 Keeper of the Grove
2 Thorns Aura
2 Force of Nature
3 Demon Hunter
2 Evasion
1 Immolation
» actions
| Basic commands | 1 | |
| Build / train | 64 | |
| Enter build submenu | 16 | |
| Enter hero's abilities submenu | 7 | |
| Remove unit from queue | 5 | |
| Right click | 308 | |
| Select / deselect | 274 | |
| Use ability | 37 | |
712 total
» units
| Wisp | 16 | |
| Archer | 6 | |
| Huntress | 5 | |
| Druid of the Claw | 11 | |
38 total
» upgrades
| Strength of the Moon | 1 | |
| Moon Armor | 0 | |
| Strength of the Wild | 3 | |
| Druid of the Claw Training | 2 | |
| Reinforced Hides | 3 | |
| Mark of the Claw | 1 | |
10 total
» buildings
| Moon Well | 7 | |
| Altar of Elders | 1 | |
| Ancient of War | 1 | |
| Hunter's Hall | 1 | |
| Tree of Ages | 1 | |
| Ancient of Wind | 1 | |
| Tree of Eternity | 1 | |
| Chimaera Roost | 2 | |
| Ancient of Lore | 2 | |
| Tree of Life | 1 | |
18 total
» build order
00:10 Moon Well
00:13 Altar of Elders
01:12 Ancient of War
01:22 Moon Well
02:27 Moon Well
03:06 Hunter's Hall
04:00 Tree of Ages
06:52 Ancient of Wind
06:56 Moon Well
07:00 Moon Well
08:07 Tree of Eternity
08:14 Moon Well
10:51 Chimaera Roost
10:56 Chimaera Roost
11:32 Ancient of Lore
11:36 Ancient of Lore
15:00 Tree of Life
20:02 Moon Well
chocolord (
teal | 36 APM | 1026 actions | 28:36)
4 Death Knight
2 Death Coil
2 Unholy Aura
3 Lich
2 Frost Nova
1 Frost Armor
» actions
| Assign group hotkey | 42 | |
| Basic commands | 6 | |
| Build / train | 72 | |
| Enter build submenu | 28 | |
| Enter hero's abilities submenu | 7 | |
| Give item / drop item | 7 | |
| Right click | 384 | |
| Select / deselect | 208 | |
| Select group hotkey | 191 | |
| Use ability | 81 | |
1026 total
» units
| Acolyte | 17 | |
| Ghoul | 5 | |
| Crypt Fiend | 13 | |
| Frost Wyrm | 7 | |
| Goblin Zeppelin | 2 | |
44 total
» upgrades
| Creature Attack | 3 | |
| Creature Carapace | 3 | |
| Web | 1 | |
| Freezing Breath | 1 | |
8 total
» buildings
| Crypt | 1 | |
| Graveyard | 1 | |
| Ziggurat | 11 | |
| Halls of the Dead | 1 | |
| Altar of Darkness | 1 | |
| Tomb of Relics | 1 | |
| Necropolis | 1 | |
| Sacrificial Pit | 1 | |
| Black Citadel | 1 | |
| Boneyard | 4 | |
| Spirit Tower | 1 | |
| Tree of Life | 2 | |
26 total
» build order
00:11 Crypt
00:20 Graveyard
00:40 Ziggurat
02:02 Halls of the Dead
02:20 Altar of Darkness
02:34 Ziggurat
03:21 Tomb of Relics
04:16 Ziggurat
06:20 Necropolis
06:40 Ziggurat
06:49 Sacrificial Pit
06:56 Ziggurat
07:37 Black Citadel
08:10 Ziggurat
08:25 Ziggurat
09:29 Ziggurat
10:01 Boneyard
10:03 Boneyard
10:06 Boneyard
10:11 Boneyard
10:31 Spirit Tower
15:58 Ziggurat
16:00 Ziggurat
16:01 Ziggurat
24:53 Tree of Life
27:47 Tree of Life
» items
| Rod of Necromancy | 1 | |
| Scroll of Town Portal | 3 | |
| Potion of Mana | 2 | |
| Orb of Corruption | 1 | |
| Potion of Healing | 1 | |
8 total
Slumdog (
orange | 40 APM | 939 actions | 23:15)
4 Death Knight
2 Death Coil
2 Unholy Aura
» actions
| Assign group hotkey | 38 | |
| Basic commands | 52 | |
| Build / train | 40 | |
| Enter build submenu | 16 | |
| Enter hero's abilities submenu | 4 | |
| Remove unit from queue | 1 | |
| Right click | 369 | |
| Select / deselect | 209 | |
| Select group hotkey | 172 | |
| Use ability | 38 | |
939 total
» units
| Acolyte | 3 | |
| Ghoul | 3 | |
| Crypt Fiend | 7 | |
| Necromancer | 5 | |
18 total
» upgrades
| Creature Attack | 1 | |
| Web | 1 | |
| Unholy Strength | 2 | |
| Necromancer Training | 2 | |
| Skeletal Mastery | 1 | |
| Skeletal Longevity | 1 | |
| Unholy Armor | 1 | |
9 total
» buildings
| Crypt | 2 | |
| Ziggurat | 6 | |
| Altar of Darkness | 1 | |
| Graveyard | 1 | |
| Tomb of Relics | 1 | |
| Spirit Tower | 4 | |
| Halls of the Dead | 1 | |
| Black Citadel | 1 | |
| Sacrificial Pit | 1 | |
| Temple of the Damned | 3 | |
| Slaughterhouse | 2 | |
23 total
» build order
00:15 Crypt
00:22 Ziggurat
00:50 Altar of Darkness
01:20 Crypt
01:44 Graveyard
02:10 Ziggurat
03:03 Tomb of Relics
04:20 Ziggurat
04:39 Spirit Tower
05:04 Ziggurat
06:04 Spirit Tower
06:08 Spirit Tower
06:45 Halls of the Dead
06:57 Ziggurat
08:37 Ziggurat
09:12 Black Citadel
10:51 Sacrificial Pit
11:35 Temple of the Damned
11:36 Temple of the Damned
11:39 Temple of the Damned
19:54 Spirit Tower
21:23 Slaughterhouse
21:23 Slaughterhouse
» items
team 2 (winner)

»
BRUCEWILLISUSA (
green | 66 APM | 1877 actions | 28:37)
7 Far Seer
3 Feral Spirit
3 Far Sight
1 Earth Quake
» actions
| Assign group hotkey | 48 | |
| Basic commands | 42 | |
| Build / train | 82 | |
| ESC pressed | 3 | |
| Enter build submenu | 71 | |
| Enter hero's abilities submenu | 7 | |
| Give item / drop item | 1 | |
| Right click | 755 | |
| Select / deselect | 269 | |
| Select group hotkey | 411 | |
| Use ability | 188 | |
1877 total
» units
| Peon | 27 | |
| Goblin Shredder | 2 | |
| Goblin Zeppelin | 1 | |
| Goblin Sapper | 7 | |
| Troll Batrider | 16 | |
| Blue Dragon | 1 | |
54 total
» upgrades
| Spiked Barricades | 3 | |
| Reinforced Defenses | 1 | |
| Liquid Fire | 1 | |
5 total
» buildings
| Altar of Storms | 1 | |
| Orc Burrow | 8 | |
| Voodoo Lounge | 2 | |
| War Mill | 1 | |
| Stronghold | 2 | |
| Great Hall | 1 | |
| Watch Tower | 47 | |
| Fortress | 1 | |
| Beastiary | 7 | |
70 total
» build order
00:17 Altar of Storms
00:22 Orc Burrow
00:51 Voodoo Lounge
01:36 Orc Burrow
01:49 War Mill
03:08 Stronghold
03:08 Stronghold
04:28 Great Hall
05:38 Watch Tower
05:40 Watch Tower
05:41 Watch Tower
05:43 Watch Tower
06:14 Watch Tower
06:15 Watch Tower
06:16 Watch Tower
06:40 Watch Tower
06:45 Watch Tower
07:05 Watch Tower
07:10 Watch Tower
07:27 Watch Tower
07:41 Watch Tower
07:42 Watch Tower
08:07 Fortress
08:34 Watch Tower
09:38 Watch Tower
09:38 Watch Tower
09:38 Watch Tower
09:52 Watch Tower
09:52 Watch Tower
09:53 Watch Tower
10:37 Watch Tower
10:40 Watch Tower
10:42 Watch Tower
10:44 Watch Tower
10:45 Watch Tower
11:24 Orc Burrow
11:24 Voodoo Lounge
12:17 Watch Tower
12:17 Watch Tower
13:04 Beastiary
13:05 Beastiary
13:07 Beastiary
13:44 Orc Burrow
13:45 Orc Burrow
13:46 Orc Burrow
13:46 Orc Burrow
14:00 Watch Tower
14:01 Watch Tower
14:04 Watch Tower
14:04 Watch Tower
14:10 Watch Tower
14:15 Watch Tower
14:28 Watch Tower
14:29 Watch Tower
14:35 Beastiary
14:37 Beastiary
14:40 Orc Burrow
15:25 Beastiary
15:46 Beastiary
15:48 Watch Tower
15:48 Watch Tower
15:57 Watch Tower
15:57 Watch Tower
15:57 Watch Tower
16:24 Watch Tower
16:25 Watch Tower
17:00 Watch Tower
17:00 Watch Tower
18:06 Watch Tower
18:06 Watch Tower
» items
| Healing Salve | 2 | |
| Lesser Clarity Potion | 3 | |
| Scroll of Speed | 2 | |
| Boots of Speed | 1 | |
| Scroll of Town Portal | 2 | |
| Potion of Invisibility | 1 | |
| Potion of Lesser Invulnerability | 1 | |
12 total
BATTLESAUR (
red | 32 APM | 903 actions | 28:36)
6 Demon Hunter
3 Mana Burn
2 Evasion
1 Metamorphosis
5 Priestess of the Moon
3 Trueshot Aura
1 Scout
1 Searing Arrows
» actions
| Assign group hotkey | 30 | |
| Basic commands | 24 | |
| Build / train | 82 | |
| Enter build submenu | 22 | |
| Enter hero's abilities submenu | 11 | |
| Right click | 394 | |
| Select / deselect | 246 | |
| Select group hotkey | 44 | |
| Use ability | 50 | |
903 total
» units
| Wisp | 29 | |
| Huntress | 4 | |
| Dryad | 14 | |
| Mountain Giant | 7 | |
54 total
» upgrades
| Abolish Magic | 1 | |
| Strength of the Wild | 3 | |
| Reinforced Hides | 3 | |
| Resistant Skin | 1 | |
| Hardened Skin | 1 | |
| Well Spring | 1 | |
| Ultravision | 1 | |
11 total
» buildings
| Altar of Elders | 1 | |
| Moon Well | 9 | |
| Ancient of War | 1 | |
| Hunter's Hall | 1 | |
| Tree of Ages | 1 | |
| Ancient of Wonders | 1 | |
| Ancient of Lore | 4 | |
| Tree of Eternity | 1 | |
| Tree of Life | 1 | |
20 total
» build order
00:04 Altar of Elders
00:05 Moon Well
01:42 Ancient of War
01:47 Hunter's Hall
01:52 Moon Well
02:50 Tree of Ages
04:33 Moon Well
05:20 Ancient of Wonders
05:44 Ancient of Lore
05:48 Ancient of Lore
06:30 Tree of Eternity
06:35 Ancient of Lore
07:48 Ancient of Lore
08:37 Moon Well
10:34 Moon Well
10:46 Tree of Life
11:50 Moon Well
13:22 Moon Well
17:07 Moon Well
18:53 Moon Well
» items
| Scroll of Town Portal | 1 | |
| Healing Salve | 1 | |
2 total
U_Asked_4_It (
blue | 44 APM | 1271 actions | 28:36)
7 Archmage
3 Summon Water Elemental
3 Brilliance Aura
1 Mass Teleport
» actions
| Assign group hotkey | 25 | |
| Basic commands | 6 | |
| Build / train | 88 | |
| Enter build submenu | 26 | |
| Enter hero's abilities submenu | 7 | |
| Right click | 497 | |
| Select / deselect | 219 | |
| Select group hotkey | 356 | |
| Use ability | 47 | |
1271 total
» units
| Peasant | 15 | |
| Rifleman | 18 | |
| Spell Breaker | 7 | |
| Priest | 7 | |
| Sorceress | 6 | |
| Siege Engine | 4 | |
| Mortar Team | 1 | |
58 total
» upgrades
| Armor | 3 | |
| Gunpowder | 3 | |
| Long Rifles | 1 | |
| Barrage | 1 | |
| Priest Training | 1 | |
| Sorceress Training | 2 | |
| Plating | 2 | |
| Magic Sentry | 1 | |
| Flare | 1 | |
| Fragmentation Shards | 1 | |
| Lumber Harvesting | 1 | |
| Swords | 1 | |
18 total
» buildings
| Barracks | 1 | |
| Blacksmith | 1 | |
| Altar of Kings | 1 | |
| Farm | 14 | |
| Scout Tower | 1 | |
| Arcane Tower | 1 | |
| Keep | 1 | |
| Arcane Vault | 1 | |
| Lumber Mill | 1 | |
| Town Hall | 1 | |
| Arcane Sanctum | 1 | |
| Castle | 1 | |
| Workshop | 1 | |
26 total
» build order
00:12 Barracks
00:17 Blacksmith
00:52 Altar of Kings
01:15 Farm
01:30 Farm
01:37 Scout Tower
02:26 Farm
02:32 Farm
02:37 Arcane Tower
03:54 Farm
04:38 Keep
04:50 Arcane Vault
05:15 Lumber Mill
06:18 Farm
06:35 Town Hall
07:25 Farm
07:30 Arcane Sanctum
08:05 Farm
10:27 Farm
11:18 Farm
12:44 Castle
14:05 Farm
14:31 Workshop
15:26 Farm
16:26 Farm
19:35 Farm
» items

»
Genghis.Tron (
purple | 29 APM | 831 actions | 28:36)
7 Death Knight
3 Death Coil
1 Death Pact
2 Unholy Aura
1 Animate Dead
4 Crypt Lord
2 Impale
1 Carrion Beetles
1 Spiked Carapace
» actions
| Assign group hotkey | 32 | |
| Basic commands | 104 | |
| Build / train | 75 | |
| ESC pressed | 3 | |
| Enter build submenu | 24 | |
| Enter hero's abilities submenu | 11 | |
| Give item / drop item | 2 | |
| Remove unit from queue | 2 | |
| Right click | 116 | |
| Select / deselect | 203 | |
| Select group hotkey | 198 | |
| Use ability | 61 | |
831 total
» units
| Acolyte | 14 | |
| Ghoul | 3 | |
| Crypt Fiend | 14 | |
| Obsidian Statue | 4 | |
| Frost Wyrm | 4 | |
39 total
» upgrades
| Creature Attack | 3 | |
| Creature Carapace | 4 | |
| Web | 1 | |
| Burrow | 1 | |
| Freezing Breath | 1 | |
10 total
» buildings
| Altar of Darkness | 1 | |
| Ziggurat | 9 | |
| Crypt | 2 | |
| Graveyard | 2 | |
| Nerubian Tower | 1 | |
| Tomb of Relics | 1 | |
| Halls of the Dead | 1 | |
| Black Citadel | 1 | |
| Sacrificial Pit | 1 | |
| Slaughterhouse | 1 | |
| Boneyard | 2 | |
| Spirit Tower | 2 | |
| Necropolis | 1 | |
25 total
» build order
00:13 Altar of Darkness
00:16 Ziggurat
00:34 Crypt
01:00 Graveyard
01:10 Graveyard
01:21 Nerubian Tower
01:48 Ziggurat
01:55 Tomb of Relics
04:12 Ziggurat
06:36 Halls of the Dead
06:41 Ziggurat
06:52 Ziggurat
07:57 Crypt
08:03 Ziggurat
08:11 Ziggurat
09:06 Black Citadel
09:09 Sacrificial Pit
09:12 Slaughterhouse
13:45 Boneyard
13:49 Boneyard
13:52 Ziggurat
13:55 Ziggurat
24:39 Spirit Tower
26:40 Spirit Tower
28:30 Necropolis
» items
| Dust of Appearance | 1 | |
| Rod of Necromancy | 1 | |
| Scroll of Town Portal | 2 | |
| Orb of Corruption | 1 | |
| Orb of Lightning | 1 | |
6 total
Chat log
(00:21 / All) BATTLESAUR: READY FOR BATTLE
(07:00 / Allies) BRUCEWILLISUSA: meet by towers
(07:33 / Allies) BRUCEWILLISUSA: stay b
(07:36 / Allies) BRUCEWILLISUSA: allc ome
(08:31 / Allies) BRUCEWILLISUSA: hold the line
(08:42 / Allies) Genghis.Tron: creep
(08:56 / Allies) BRUCEWILLISUSA: stay b
(09:01 / Allies) BRUCEWILLISUSA: we need siege
(09:10 / Allies) BRUCEWILLISUSA: go now
(09:12 / Allies) BRUCEWILLISUSA: 1 of them left
(09:16 / Allies) BRUCEWILLISUSA: all come
(09:20 / Allies) BRUCEWILLISUSA: copme
(09:28 / Allies) BRUCEWILLISUSA: GO
(09:29 / Allies) BRUCEWILLISUSA: RETARD
(09:32 / Allies) BRUCEWILLISUSA: IDIOT NOOB UNDEAD
(09:33 / Allies) BRUCEWILLISUSA: AFK?
(09:33 / Allies) Genghis.Tron: get units gren
(09:34 / Allies) BRUCEWILLISUSA: DURRRR
(11:08 / Allies) BRUCEWILLISUSA: THERE NEXT
(11:15 / Allies) BRUCEWILLISUSA: WE NEED MORE UNITS
(11:24 / Allies) Genghis.Tron: sso build some
(11:29 / Allies) BRUCEWILLISUSA: HOLD ON I NEED ANOTHER SHREDDER
(11:35 / Allies) Genghis.Tron: jackass
(11:55 / Allies) BRUCEWILLISUSA: WATCH UR BACK
(13:40 / Allies) BRUCEWILLISUSA: BACK ALL
(13:42 / Allies) BRUCEWILLISUSA: WE NEED TO REGROUYP
(15:26 / Allies) Genghis.Tron: go
(17:08 / Allies) BRUCEWILLISUSA: TP WHEN THEY HIT THERE
(17:16 / Allies) BRUCEWILLISUSA: EASY TO BEAT H THEM ON TOWERS
(17:25 / Allies) BRUCEWILLISUSA: TP THERE NOW
(17:47 / All) chocolord: green has no life ahah
(17:50 / All) BRUCEWILLISUSA: NOOB
(17:52 / All) BRUCEWILLISUSA: U GETTING BAD/
(17:53 / All) BRUCEWILLISUSA: MAD
(18:02 / All) BRUCEWILLISUSA: "BAWW MY EXPOS DEAD AND HES GONNA BAT MY AIR"
(18:30 / All) chocolord: lost 1 frosties ahah for 12 bats rolf
(18:39 / All) BRUCEWILLISUSA: IC AN AFFORD MANY BATS
(18:40 / All) BRUCEWILLISUSA: I HAVE 2 EXPOS
(18:43 / All) BRUCEWILLISUSA: HOW MANY EXPOS UG OT
(18:44 / All) BRUCEWILLISUSA: NOOB
(18:50 / All) chocolord: 2
(19:34 / All) BRUCEWILLISUSA: STILL COUNTING WYRMS?
(19:34 / All) BRUCEWILLISUSA: ROFKL
(20:05 / All) BRUCEWILLISUSA: NICE DEATH COIL
(20:05 / All) BRUCEWILLISUSA: ROFL
(20:07 / All) BRUCEWILLISUSA: 17 HP
(20:09 / All) BRUCEWILLISUSA: AND NO COIL
(20:13 / All) chocolord: no mana homo
(20:26 / All) chocolord: dude my team is noob idc about a game ahah
(20:37 / All) BRUCEWILLISUSA: WHY U START CHAT THEN
(20:37 / All) GuidansBlade: lol ok
(20:39 / All) BRUCEWILLISUSA: AFTER I KILL UR EXPO
(20:42 / All) BRUCEWILLISUSA: LOL BLAEM ALLIES
(20:49 / Allies) BRUCEWILLISUSA: ALL GO
(20:51 / Allies) BRUCEWILLISUSA: WE FINISHT HEM OFF
(20:52 / Allies) BRUCEWILLISUSA: EASY
(21:19 / All) BRUCEWILLISUSA: TP
(21:20 / All) BRUCEWILLISUSA: TP
(23:20 / All) BRUCEWILLISUSA: NOOBS
(23:25 / All) BRUCEWILLISUSA: LOSE TO ORC TOWERS WHY DOTN U
(23:26 / All) BRUCEWILLISUSA: ROFL
(23:58 / All) BRUCEWILLISUSA: NOOOOOOOOOB
(24:07 / All) chocolord: we couldve waited in our bases like retards like u did and make this game last 3 hours
(24:14 / All) BRUCEWILLISUSA: NOOOOOOOB
(24:18 / All) chocolord: ok have fun killing everythig homo going to bed :D
(24:21 / All) BRUCEWILLISUSA: NOOOOOOB
(24:34 / All) BRUCEWILLISUSA: LOL
(24:36 / All) BRUCEWILLISUSA: U IN BED YET./
(24:37 / All) BRUCEWILLISUSA: RETARD
(25:31 / All) BRUCEWILLISUSA: I SEE YOU PLAYING AROUDN WITH ZEPPELIN
(25:32 / All) BRUCEWILLISUSA: DIRT NOOB
(25:40 / All) BRUCEWILLISUSA: FAKE AFK
(25:41 / All) BRUCEWILLISUSA: ROFL
(25:42 / All) BATTLESAUR: lol, dirt noob
(25:43 / All) BRUCEWILLISUSA: HOW LOW CAN YOU GO
(25:48 / All) BRUCEWILLISUSA: "GUYS IM AFK NOW"
(25:49 / All) BRUCEWILLISUSA: "REALLY"
(26:45 / All) BRUCEWILLISUSA: "ITS JUST A GAME, I WANTED TO LOSE" - FAMOUS LOSING EXCUSE
(27:24 / All) BRUCEWILLISUSA: RETARD
(27:25 / All) BRUCEWILLISUSA: ROFL
(27:35 / All) BATTLESAUR: really just proves what you already know
(27:41 / All) BATTLESAUR: don't fuck with bruce willis
(27:56 / All) BRUCEWILLISUSA: LOL
(28:32 / All) BRUCEWILLISUSA: TOTAL OWNAGE